 Dungeon Crawl Stone Soup version 0.22-a0-367-gb72a975 (webtiles) character file.

716 dstrtnsr the Chiller (level 7, -4/57 HPs)
             Began as a Centaur Ice Elementalist on Apr 22, 2018.
             Slain by a troll (12 damage)
             ... on level 5 of the Dungeon.
             The game lasted 00:17:37 (2139 turns).

dstrtnsr the Chiller (Centaur Ice Elementalist)     Turns: 2139, Time: 00:17:38

Health: -4/57      AC:  4    Str: 10    XL:     7   Next: 41%
Magic:  4/10       EV:  9    Int: 16    God:
Gold:   98         SH:  0    Dex: 10    Spells: 5/10 levels left

rFire    . . .     SeeInvis .   m - +0 whip (drain)
rCold    + . .     Gourm    .   (no shield)
rNeg     . . .     Faith    .   g - +0 leather armour {rC+}
rPois    .         Spirit   .   (no helmet)
rElec    .         Reflect  .   (no cloak)
rCorr    .         Harm     .   (no gloves)
MR       .....                  (no barding)
Stlth    +.........             o - amulet of regeneration
HPRegen  0.19/turn              (no ring)
MPRegen  0.12/turn              (no ring)

@: very slightly contaminated, very quick
A: large, hooves 3, deformed body, speed 2, tough skin 3
a: no special abilities


You were on level 5 of the Dungeon.
You were very hungry.

You visited 1 branch of the dungeon, and saw 7 of its levels.

You collected 98 gold pieces.

Inventory:

Hand Weapons
 m - a +0 whip of draining (weapon)
Missiles
 f - a stone (quivered)
Armour
 a - a +1 robe
 g - a +0 leather armour of cold resistance (worn)
Jewellery
 o - an amulet of regeneration (around neck)
Scrolls
 b - a scroll of enchant armour
 h - a scroll of teleportation {unknown}
 l - a scroll of remove curse {unknown}
 n - a scroll of fog {unknown}
 p - a scroll of magic mapping {unknown}
Potions
 d - 2 potions of resistance {!q}
 e - 2 potions of curing
 i - a potion of berserk rage {!q}
 j - a potion of haste {!q}
 k - a potion of magic {unknown}
Comestibles
 c - 3 rations {!d}


   Skills:
 - Level 3.0 Fighting
 - Level 2.0 Maces & Flails
 - Level 1.3 Dodging
 - Level 1.1 Stealth
 - Level 2.0 Spellcasting
   Level 0.8 Conjurations
 + Level 4.5 Summonings
 + Level 4.9 Ice Magic


You had 5 spell levels left.
You knew the following spells:

 Your Spells              Type           Power        Failure   Level  Hunger
a - Freeze                Ice            ###.         3%          1    #......
i - Summon Ice Beast      Ice/Summ       ###.....     38%         4    #####..


Dungeon Overview and Level Annotations

Branches:
Dungeon (7/15)
 Temple: D:4-7

Altars:


Innate Abilities, Weirdness & Mutations

You have hooves in place of feet.
Armour fits poorly on your strangely shaped body.
You cover ground very quickly.
You have extremely tough skin. (AC +3)


Message History

You aren't carrying any items that you can evoke.
Unknown command.
You aren't carrying any items that you can evoke.
Unknown command.
There is an escape hatch in the ceiling here.
A mysterious force pulls you upwards. The hatch slams shut behind you.
The troll shouts!
The hound barks!
The crimson imp shouts!
The hound barely misses you.
The crimson imp blinks!
The hound bites you.
* * * LOW HITPOINT WARNING * * *
The crimson imp blinks!
Found a ration and a short sword.
Damage: -1%(-1hp) hp: 22%(12hp) Unknown command.
Unknown command.
You see here a ration {!d}.
Unknown command.
Unknown command.
You aren't carrying any items that you can evoke.
There's nothing to close nearby.
Unknown command.
Unknown command.
The hound bites you.
* * * LOW HITPOINT WARNING * * *
The hound bites you but does no damage.
Damage: -2%(-1hp) hp: 20%(11hp)
The crimson imp blinks!
The hound bites you.
* * * LOW HITPOINT WARNING * * *
Damage: -1%(-1hp) hp: 22%(12hp)
You aren't carrying any items that you can evoke.
Unknown command.
You hit the hound.
The hound is moderately wounded.
The hound bites you.
* * * LOW HITPOINT WARNING * * *
Huge Dmg: -6%(-3hp) hp: 16%(9hp)
You closely miss the hound. Your kick misses the hound.
The hound is moderately wounded.
The hound barely misses you. x2
Unknown command.
Casting: Freeze (safe; 4% risk of failure)
Confirm with . or Enter, or press ? or * to list all spells.
Aiming: Freeze (safe; 4% risk of failure)
Press: ? - help, Shift-Dir - straight line, f - hound
Aim: a hound (moderately wounded)
You freeze the hound.
The hound is moderately wounded.
The hound barely misses you.
Unknown command.
Casting: Freeze (safe; 4% risk of failure)
Confirm with . or Enter, or press ? or * to list all spells.
Aiming: Freeze (safe; 4% risk of failure)
Press: ? - help, Shift-Dir - straight line, f/p - hound
Aim: a hound (moderately wounded)
You freeze the hound.
The hound is heavily wounded.
The hound closely misses you. The hound bites you.
* * * LOW HITPOINT WARNING * * *
Huge Dmg: -7%(-4hp) hp: 9%(5hp)
Casting: Freeze (safe; 4% risk of failure)
Confirm with . or Enter, or press ? or * to list all spells.
Aiming: Freeze (safe; 4% risk of failure)
Press: ? - help, Shift-Dir - straight line, f/p - hound
Aim: a hound (heavily wounded)
You freeze the hound.
The hound is heavily wounded.
The hound bites you but does no damage.
Unknown command.
Casting: Freeze (safe; 4% risk of failure)
Confirm with . or Enter, or press ? or * to list all spells.
Aiming: Freeze (safe; 4% risk of failure)
Press: ? - help, Shift-Dir - straight line, f/p - hound
Aim: a hound (heavily wounded)
You freeze the hound.
You kill the hound!
Unknown command.
Unknown command.
Unknown command.
A scorpion comes into view.
Found a short sword.
You aren't carrying any items that you can evoke.
Unknown command.
Casting: Freeze (safe; 3% risk of failure)
Confirm with . or Enter, or press ? or * to list all spells.
You miscast Summon Ice Beast.
You are very lightly contaminated with residual magic.
You are covered in a thin layer of ice.
You are feeling very hungry.
You closely miss the scorpion. The scorpion closely misses you.
You hit the scorpion.
The scorpion is lightly wounded.
The scorpion barely misses you.
You hit the scorpion but do no damage. You drain the scorpion!
The scorpion is moderately wounded.
The scorpion misses you.
You hit the scorpion. Your kick misses the scorpion.
The scorpion is heavily wounded.
The scorpion closely misses you. The troll closely misses you.
The troll claws you!
You die...

###
...).############
#....s@T.......#
#...##########.#
##.. #.#
..#..##########.#
......5.......#.#
........#####.#†#
##.#..##.# #....#
.#.....##.#
#..###
...#...##.# #..#


You could see a troll and a scorpion.

Vanquished Creatures
  A black bear (D:6)
  An ice beast (D:6)
  A bullfrog (D:7)
  A scorpion (D:6)
  A howler monkey (D:6)
  2 hounds
  A bullfrog skeleton (D:5)
  Jessica (D:2)
  3 orc wizards
  2 worker ants
  3 gnolls (D:4)
  5 adders
  An ooze (D:2)
  A worm (D:4)
  A dart slug (D:2)
  5 leopard geckos
  8 orcs
  A ball python (D:2)
  2 giant cockroaches
  4 hobgoblins
  4 jackals (D:1)
  A quokka (D:4)
  3 bats
  3 frilled lizards
  7 goblins
  2 jackal skeletons
  2 kobolds
  5 rats
72 creatures vanquished.

Vanquished Creatures (collateral kills)
  An orc (D:5)
1 creature vanquished.

Grand Total: 73 creatures vanquished

Notes
Turn   | Place    | Note
-------+----------+-------------------------------------------
     0 | D:1      | dstrtnsr the Centaur Ice Elementalist began the quest for the Orb.
     0 | D:1      | Reached XP level 1. HP: 14/14 MP: 3/3
   174 | D:1      | HP: 5/14 [jackal (2)]
   175 | D:1      | Reached XP level 2. HP: 7/20 MP: 0/4
   255 | D:1      | HP: 6/20 [hobgoblin (5)]
   258 | D:1      | HP: 1/20 [hobgoblin (4)]
   378 | D:1      | HP: 6/22 [giant cockroach (1)]
   447 | D:2      | Reached skill level 1 in Fighting
   504 | D:2      | Noticed Jessica
   516 | D:2      | Killed Jessica
   516 | D:2      | Reached XP level 3. HP: 13/30 MP: 0/6
   517 | D:2      | HP: 10/30 [goblin/club (4)]
   632 | D:2      | Found a faded altar of an unknown god.
   738 | D:1      | Reached XP level 4. HP: 22/37 MP: 0/7
   748 | D:1      | Learned a level 4 spell: Summon Ice Beast
   762 | D:1      | HP: 14/37 [hobgoblin/club (2)]
  1180 | D:4      | Reached skill level 1 in Summonings
  1277 | D:4      | Reached skill level 1 in Maces & Flails
  1386 | D:4      | Reached XP level 5. HP: 34/45 MP: 4/8
  1470 | D:5      | Entered Level 5 of the Dungeon
  1591 | D:4      | HP: 12/45 [orc wizard/puff of flame (10)]
  1616 | D:4      | HP: 22/67 [worker ant (1)]
  1657 | D:5      | Noticed a centaur
  1658 | D:5      | HP: 10/45 [centaur/arrow (9)]
  1768 | D:5      | HP: 16/45 [ice beast[the player character] (6)]
  1773 | D:5      | Reached XP level 6. HP: 9/51 MP: 0/9
  1861 | D:5      | HP: 20/51 [bullfrog skeleton (1)]
  1938 | D:6      | HP: 20/51 [howler monkey (3)]
  1966 | D:6      | HP: 17/51 [hound (2)]
  1975 | D:6      | HP: 8/51 [hound (2)]
  2012 | D:6      | Noticed a sky beast
  2015 | D:6      | HP: 4/51 [centaur/arrow (9)]
  2039 | D:7      | HP: 10/51 [bullfrog (3)]
  2042 | D:7      | Reached XP level 7. HP: 5/57 MP: 6/10
  2097 | D:5      | Noticed a troll
  2097 | D:5      | HP: 12/57 [hound (2)]
  2116 | D:5      | HP: 12/57 [hound (1)]
  2120 | D:5      | HP: 5/57 [hound (4)]
  2139 | D:5      | Slain by a troll

Vault maps used:
D:1:      minmay_arrival_cross
D:2:      serial_curves, eino_curves_01, eino_curves_01,
          chequers_ecumenical_altar_simple_redux, uniq_jessica
D:3:      bloody_trog
D:5:      zin_angel, first_ration
D:6:      lemuel_crystal_altar, grunt_dithmenos_smoke, minmay_misc_feat_five,
          dk_xom_monty_hall
D:7:      minmay_the_grid_four_pointed_star, temple_green, uniq_prince_ribbit1

Skill      XL: |  1  2  3  4  5  6 |
---------------+-------------------+-----
Ice Magic      | 3 4 |  4.9
Spellcasting   | 2 |  2.0
Fighting       | 2 3 |  3.0
Summonings     | 1 2 4 |  4.5
Maces & Flails | 1 2 |  2.0
Dodging        | |  1.3
Stealth        | |  1.1
Conjurations   | |  0.8

Action                   |  1- 3 |  4- 6 |  7- 9 || total
-------------------------+-------+-------+-------++-------
Melee: Unarmed           |    37 |    22 |       ||    59
       Kick              |     3 |    17 |       ||    20
       Whip              |       |    72 |     6 ||    78
 Cast: Freeze            |    49 |    48 |     6 ||   103
       Summon Ice Beast  |       |     1 |       ||     1
Evoke: Wand              |       |     6 |     3 ||     9
  Use: Scroll            |       |     6 |       ||     6
       Potion            |       |     4 |       ||     4
  Eat: Chunk             |       |     4 |       ||     4
Armor: Robe              |    27 |    25 |       ||    52
       Skin              |       |     9 |       ||     9
       Leather armour    |       |     4 |     2 ||     6
Dodge: Dodged            |    47 |    49 |    10 ||   106

Table legend:
 A = Spawn XP
 B = Non-spawn XP
 C = Spawn XP percentage of total XP
 D = Spawn monster count
 E = Non-spawn monster count
 F = Spawn count percentage of total count
 G = Total turns spent on level
                    A         B        C        D         E        F      G
               +---------+---------+-------+---------+---------+-------+---------
         Total |       0 |    1023 |   0.0 |       0 |      73 |   0.0 |  2139
               +---------+---------+-------+---------+---------+-------+---------
           D:1 |       0 |      35 |   0.0 |       0 |      19 |   0.0 |   493
           D:2 |       0 |      65 |   0.0 |       0 |      14 |   0.0 |   395
           D:3 |       0 |      49 |   0.0 |       0 |       6 |   0.0 |   267
           D:4 |       0 |     202 |   0.0 |       0 |      19 |   0.0 |   527
           D:5 |       0 |     129 |   0.0 |       0 |       7 |   0.0 |   261
           D:6 |       0 |     453 |   0.0 |       0 |       7 |   0.0 |   172
           D:7 |       0 |      90 |   0.0 |       0 |       1 |   0.0 |    24
               +---------+---------+-------+---------+---------+-------+---------
